 Dungeon Crawl Stone Soup version 0.30.1-9-gdf580d7c3d (webtiles) character file.

Game seed: 12086568285873606624

103 Odyseus the Slasher (level 4, -4/35 HPs)
             Began as a Demonspawn Gladiator on Oct 9, 2023.
             Killed from afar by Terence (13 damage)
             ... with a bolt of light
             ... on level 3 of the Dungeon.
             The game lasted 00:09:37 (1536 turns).

Odyseus the Slasher (Demonspawn Gladiator)          Turns: 1536, Time: 00:09:37

Health: -4/35      AC: 12    Str: 14    XL:     4   Next: 51%
Magic:  4/4        EV:  4    Int:  9    God:
Gold:   112        SH:  0    Dex: 17    Spells: 3/3 levels left

rFire   . . .        o - +2 spear (freeze)
rCold   . . .        (no shield)
rNeg    . . .        k - +0 plate armour
rPois   .            c - +0 helmet
rElec   .            (no cloak)
rCorr   .            (no gloves)
SInv    .            (no boots)
Will    .....        (no amulet) Stlth
                     (no ring)
HPRegen 0.25/turn    (no ring)
MPRegen 0.09/turn

%: no passive effects
@: no status effects
A: hooves 1, rugged brown scales 1, powered by pain 1
a: no special abilities


You were on level 3 of the Dungeon.
You visited 1 branch of the dungeon, and saw 3 of its levels.

You collected 112 gold pieces.

Inventory:

Hand Weapons
 a - a +0 long sword
 o - a +2 spear of freezing (weapon)
Missiles
 d - 3 throwing nets (quivered)
 e - 7 javelins
Armour
 c - a +0 helmet (worn)
 k - a +0 plate armour (worn)
Wands
 p - a wand of flame (28)
Scrolls
 b - a scroll of silence {unknown}
 f - a scroll of fog {unknown}
 g - a scroll of summoning {unknown}
 h - 2 scrolls of identify {unknown}
 i - 2 scrolls of amnesia {unknown}
 l - a scroll of brand weapon {unknown}
 m - a scroll of vulnerability {unknown}
 n - a scroll of teleportation {unknown}
 s - a scroll of magic mapping {unknown}
Potions
 j - a potion of might {unknown}
 q - a potion of brilliance {unknown}
 r - a potion of mutation {unknown}


   Skills:
 + Level 2.8 Fighting
 + Level 3.9 Long Blades
 + Level 1.9 Throwing
 + Level 1.3 Armour
 + Level 2.9 Dodging


You had 3 spell levels left.
You didn't know any spells.
Your spell library contained the following spells:

 Spells                   Type           Power      Damage    Failure   Level
 Necrotise                Necr           0%         1d4       100%        1
 Vampiric Draining        Necr           0%         2d6       100%        3
 Agony                    Necr           0%         N/A       100%        5


Dungeon Overview and Level Annotations

Branches:
Dungeon (3/15)

Altars:
Hepliaklqana

Shops:
D:3 (

Annotations:
D:3 Terence


Innate Abilities, Weirdness & Mutations

You have large cloven feet.
You are partially covered in rugged brown scales. (AC +1, +3% HP)
You sometimes gain a little power by taking damage.


Message History

Unknown command.
Reach: o) +2 spear (freeze)
Press: ? - help, Dir - move target, f - you
Okay, then.
You see here a rat corpse.
You now have 112 gold pieces (gained 8).
There is a stone staircase leading down here.
A frilled lizard comes into view.
The frilled lizard hisses angrily.
Reach: o) +2 spear (freeze)
Press: ? - help, Dir - move target, f - frilled lizard
Aim: a frilled lizard (about 50% to evade your +2 spear of freezing)
You reach to attack!
You hit the frilled lizard. You freeze the frilled lizard.
You kill the frilled lizard!
s - a scroll labelled DIRAECK NYIDU Terence the Incautious comes into view.
He is wielding a +2 falchion of holy wrath, wearing a +3 chain mail of positive energy and carrying a wand of light (8).
Found a stone staircase leading up.
Terence zaps a wand.
The bolt of light hits you.
You are confused.
You bump into the rock wall.
Unknown command.
You feel less confused.
Terence zaps a wand.
The bolt of light hits you.
You are confused.
You bump into the rock wall.
Terence zaps a wand.
The bolt of light hits you!!
You are more confused.
Ouch! That really hurt!
You feel less confused. Terence hits you but does no damage.
Reach: o) +2 spear (freeze)
Press: ? - help, Dir - move target, f - Terence
Aim: Terence, wielding a +2 falchion of holy wrath, wearing a +3 chain mail of positive energy and carrying a wand of light (5) (about 28% to evade your +2 spear of freezing)
You hit Terence but do no damage. You kick Terence, but do no damage.
Terence zaps a wand.
The bolt of light hits you.
* * * LOW HITPOINT WARNING * * *
Reach: o) +2 spear (freeze)
Press: ? - help, Dir - move target, f/p - Terence
Aim: Terence, wielding a +2 falchion of holy wrath, wearing a +3 chain mail of positive energy and carrying a wand of light (4) (about 28% to evade your +2 spear of freezing)
You barely miss Terence.
Terence zaps a wand.
The bolt of light hits you!
You die...

.............)........
.....................
#...........)........
#.....†..............
#.................... .
#....∩.....########..
..##........).########..
<........).............>
##....@........#####.[.
#....@........#.......
#....####.............
....... ####..........
....... #..........
....... #..........
######. #.......... #.
#......###. #. ##.......
.


You could see Terence.

Vanquished Creatures
  Jessica (D:2)
  2 adders
  2 dart slugs
  3 orcs (D:3)
  9 ball pythons
  3 bats
  5 endoplasms
  2 giant cockroaches
  2 goblins
  4 hobgoblins
  3 kobolds
  3 quokkas
  2 frilled lizards
  9 rats
50 creatures vanquished.

Notes
Turn   | Place    | Note
-------+----------+-------------------------------------------
     0 | D:1      | Odyseus the Demonspawn Gladiator began the quest for the
                  | Orb.
     0 | D:1      | Reached XP level 1. HP: 16/16 MP: 1/1
   216 | D:1      | Reached skill level 3 in Long Blades
   216 | D:1      | Gained mutation: You are partially covered in rugged brown
                  | scales. (AC +1, +3% HP) [demonic ancestry]
   216 | D:1      | Reached XP level 2. HP: 16/22 MP: 2/2
   876 | D:2      | Gained mutation: You have large cloven feet. [demonic
                  | ancestry]
   876 | D:2      | Reached XP level 3. HP: 27/27 MP: 3/3
  1137 | D:2      | Reached skill level 1 in Armour
  1298 | D:2      | Noticed Jessica
  1302 | D:2      | Killed Jessica
  1303 | D:2      | Gained mutation: You sometimes gain a little power by
                  | taking damage. [demonic ancestry]
  1303 | D:2      | Reached XP level 4. HP: 35/35 MP: 4/4
  1423 | D:3      | Found a hazy altar of Hepliaklqana.
  1456 | D:3      | Found Selee's Antique Weapon Boutique.
  1525 | D:3      | Noticed Terence
  1536 | D:3      | Killed from afar by Terence

Illustrated notes

Levels and vault maps discovered:
D:1:      giann_forest_graveyard, layout_basic
D:2:      layout_basic, uniq_jessica
D:3:      layout_basic, mainiacjoe_overflow_alcove_1, serial_shops, shop,
          minmay_snake_closets, uniq_terence

Skill      XL: |  1  2  3 |
---------------+----------+-----
Long Blades    | 3 |  3.9
Armour         | 1 |  1.3
Fighting       | |  2.8
Throwing       | |  1.9
Dodging        | |  2.9

Action                     |  1- 3 |  4- 6 || total
---------------------------+-------+-------++-------
  Melee: Long sword        |   114 |       ||   114
         Punch             |     2 |       ||     2
         Kick              |    10 |     7 ||    17
         Spear             |     6 |    29 ||    35
 Armour: Leather armour    |    17 |       ||    17
         Plate armour      |    94 |    21 ||   115
  Dodge: Dodged            |    48 |     9 ||    57
